 Dungeon Crawl Stone Soup version 0.25-a0-942-g87a53962fc (webtiles) character file.

Game seed: 6548941539328724464, levelgen mode: deterministic

890 Hasart the Magician (level 7, -1/36 HPs)
             Began as a Deep Elf Wizard on May 6, 2020.
             Was a Follower of Vehumet.
             Slain by a hound (6 damage)
             ... on level 5 of the Dungeon.
             The game lasted 00:10:33 (6667 turns).

Hasart the Magician (Deep Elf Wizard)               Turns: 6667, Time: 00:10:33

Health: -1/36      AC:  2    Str:  4    XL:     7   Next: 77%
Magic:  5/18       EV: 14    Int: 25    God:    Vehumet [*.....]
Gold:   354        SH:  0    Dex: 13    Spells: 10/18 levels left

rFire    . . .     SeeInvis .   t - +8 quarterstaff of the Unliving {drain, MR+}
rCold    . . .     Gourm    +   (shield currently unavailable)
rNeg     . . .     Faith    .   a - +0 robe
rPois    .         Spirit   .   b - +0 hat
rElec    .         Reflect  .   (no cloak)
rCorr    .         Harm     .   (no gloves)
MR       +....                  (no boots)
Stlth    ++........             r - amulet of the gourmand
HPRegen  0.12/turn              (no ring)
MPRegen  0.16/turn              (no ring)

@: flying
A: no striking features
a: Renounce Religion


You were on level 5 of the Dungeon.
You worshipped Vehumet.
Vehumet was aware of your devotion.
You were very full.

You visited 1 branch of the dungeon, and saw 5 of its levels.

You collected 354 gold pieces.

Inventory:

Hand Weapons
 t - the +8 quarterstaff of the Unliving (weapon) {drain, MR+}
   (You found it on level 4 of the Dungeon)

   A truly terrible weapon, it drains the life of those it strikes.
   It affects your resistance to hostile enchantments.
Armour
 a - a +0 robe (worn)
 b - a +0 hat (worn)
Jewellery
 r - an amulet of the gourmand (around neck)
Scrolls
 e - a scroll of magic mapping {unknown}
 f - 10 scrolls of identify
 i - 2 scrolls of teleportation
 k - a scroll of remove curse
 l - a scroll of enchant armour {unknown}
 q - a scroll of fear {unknown}
Potions
 c - 2 potions of flight
 g - a potion of curing
 j - a potion of haste {unknown}
 m - a potion of might {unknown}
 n - 2 potions of cancellation {unknown}
 o - 2 potions of stabbing {unknown}
 p - 2 potions of mutation {unknown}
Comestibles
 d - 7 rations


   Skills:
 + Level 4.6 Dodging
 - Level 2.4 Stealth
 + Level 6.2 Spellcasting
 * Level 5.2 Conjurations
 + Level 3.1 Summonings
 + Level 3.2 Translocations
 + Level 2.5 Air Magic
 + Level 2.8 Poison Magic


You had 10 spell levels left.
You knew the following spells:

 Your Spells              Type           Power        Failure   Level  Hunger
a - Magic Dart            Conj           ####         1%          1    None
b - Call Imp              Summ           ###.....     3%          2    None
c - Blink                 Tloc           N/A          3%          2    None
d - Mephitic Cloud        Conj/Pois/Air  ####....     4%          3    None

Your spell library contained the following spells:

 Spells                   Type           Power        Failure   Level  Hunger
 Shock                    Conj/Air       ####         1%          1    None
 Conjure Flame            Conj/Fire      ###.....     8%          3    None
 Slow                     Hex            #.......     11%         2    None


Dungeon Overview and Level Annotations

Branches:
Dungeon (5/15)             Temple (0/1) D:4

Altars:
Ashenzari
Dithmenos
Vehumet

Shops:
D:4 }


Message History

Press: ? - help, Shift-Dir - straight line, f/p - jackal
Aim: a jackal The magic dart hits the jackal.
The jackal is heavily wounded.
The jackal bites you.
* * * LOW HITPOINT WARNING * * *
The jackal bites you but does no damage.
Casting: Magic Dart (safe; 1% risk of failure)
Confirm with . or Enter, or press ? or * to list all spells.
Aiming: Magic Dart (safe; 1% risk of failure)
Press: ? - help, Shift-Dir - straight line, f/p - jackal
Aim: a jackal (heavily wounded)
The magic dart hits the jackal.
You kill the jackal!
Vehumet accepts your kill.
You can now gain magical power from killing.
Vehumet offers you knowledge of Shock.
The hound seems less confused.
The hound bites you.
You die...

####..# #..≈≈≈≈≈≈. ..##
#..####≈##≈≈≈≈< ....
#.....[≈≈≈≈≈≈≈≈
##..###.##..##≈≈≈≈≈≈≈ .##
.......###.##.≈≈≈≈≈. ....
#..#..###...#≈≈≈≈≈. .[...
#............≈≈≈≈#
......###....[...##.#.#≈≈
..[.).)h@...#....##..#.≈≈
......#######....#####...
..... #....# #... ....
........ ..... ###
############... ####


You could see a hound.

Vanquished Creatures
  Sigmund (D:4)
  2 ogres
  A scorpion (D:4)
  2 howler monkeys
  A crimson imp (D:5)
  A hound (D:5)
  An orc wizard (D:5)
  Natasha (thrice) (D:3)
  A hound skeleton (D:2)
  4 gnolls (D:3)
  5 adders
  3 oozes
  4 worms
  5 dart slugs
  7 leopard geckos
  17 orcs
  8 bats
  2 giant cockroaches
  9 goblins
  9 hobgoblins
  12 jackals
  4 ball pythons
  4 frilled lizards
  A giant cockroach zombie (D:5)
  6 kobolds
  9 rats
122 creatures vanquished.

Vanquished Creatures (collateral kills)
  A scorpion (D:3)
  An orc (D:4)
2 creatures vanquished.

Vanquished Creatures (others)
  An adder (D:4)
1 creature vanquished.

Grand Total: 125 creatures vanquished

Notes
Turn   | Place    | Note
-------+----------+-------------------------------------------
     0 | D:1      | Hasart the Deep Elf Wizard began the quest for the Orb.
     0 | D:1      | Reached XP level 1. HP: 10/10 MP: 7/7
   216 | D:1      | Reached XP level 2. HP: 6/15 MP: 0/9
   483 | D:1      | Learned a level 2 spell: Call Imp
   486 | D:1      | Learned a level 2 spell: Blink
  1014 | D:1      | Reached XP level 3. HP: 19/19 MP: 6/11
  1019 | D:1      | Learned a level 3 spell: Mephitic Cloud
  1987 | D:2      | Reached XP level 4. HP: 24/24 MP: 6/12
  2124 | D:2      | Reached skill level 5 in Spellcasting
  2771 | D:3      | Noticed Natasha
  2776 | D:3      | Killed Natasha
  2776 | D:3      | Reached skill level 1 in Poison Magic
  3049 | D:3      | Reached XP level 5. HP: 11/28 MP: 6/14
  3101 | D:3      | Reached skill level 1 in Air Magic
  3312 | D:3      | Noticed Natasha
  3318 | D:3      | Killed Natasha
  3523 | D:3      | Noticed Natasha
  3532 | D:3      | Killed Natasha
  3886 | D:3      | Reached XP level 6. HP: 19/32 MP: 8/16
  5077 | D:4      | Noticed Sigmund
  5093 | D:4      | Killed Sigmund
  5093 | D:4      | Reached XP level 7. HP: 34/36 MP: 7/17
  5173 | D:4      | Found Palu's Gadget Boutique.
  5600 | D:4      | Found a radiant altar of Vehumet.
  5603 | D:4      | Got a bloodstained quarterstaff
  5607 | D:4      | Became a worshipper of Vehumet
  5608 | D:4      | Identified the +8 quarterstaff of the Unliving {drain, MR+}
                  | (You found it on level 4 of the Dungeon)
  5678 | D:4      | Found a staircase to the Ecumenical Temple.
  5938 | D:4      | Found a shattered altar of Ashenzari.
  5942 | D:4      | Saw a vision of the Swamp and the Spider Nest.
  5942 | D:4      | Noticed a redback
  5942 | D:4      | Noticed a redback
  5942 | D:4      | Noticed a wolf spider
  5945 | D:4      | Noticed a redback
  6132 | D:5      | Entered Level 5 of the Dungeon
  6133 | D:5      | Found a shadowy altar of Dithmenos.
  6152 | D:5      | Reached skill level 6 in Spellcasting
  6428 | D:5      | Reached skill level 5 in Conjurations
  6666 | D:5      | Reached * piety under Vehumet
  6666 | D:5      | Offered knowledge of Shock by Vehumet.
  6667 | D:5      | Slain by a hound

Levels and vault maps discovered:
D:1:      psy_arrival_terrarium, layout_basic
D:2:      layout_loops_ring, first_ration
D:3:      layout_basic, minmay_distorted, uniq_natasha
D:4:      layout_loops_corners, lemuel_round_altar, lemuel_temple_firewalk_b,
          gup_sewer_entry_spiral, serial_shops, kennysheep_mini_moat,
          grunt_ashenzari_visionary [grunt_ashenzari_visionary_swamp,
          grunt_ashenzari_visionary_spider], uniq_sigmund
D:5:      kennysheep_slugbush, layout_rooms, serial_shops, shop, basic_altar,
          uniq_grinder

Skill      XL: |  1  2  3  4  5  6  7 |
---------------+----------------------+-----
Conjurations   | 2 3 4 5 |  5.2
Dodging        | 3 4 |  4.6
Spellcasting   | 5 6 |  6.2
Poison Magic   | 1 2 |  2.8
Air Magic      | 1 2 |  2.5
Summonings     | 2 3 |  3.1
Translocations | 2 3 |  3.2
Stealth        | |  2.4

Action                   |  1- 3 |  4- 6 |  7- 9 || total
-------------------------+-------+-------+-------++-------
Melee: Spear             |       |     3 |       ||     3
       Rapier            |       |     3 |       ||     3
       Quarterstaff      |       |       |     4 ||     4
 Cast: Magic Dart        |   100 |   127 |   101 ||   328
       Call Imp          |       |     8 |       ||     8
       Mephitic Cloud    |       |     5 |     2 ||     7
  Use: Scroll            |       |       |     3 ||     3
       Potion            |       |       |     2 ||     2
 Stab: Sleeping          |       |     2 |     1 ||     3
  Eat: Chunk             |     3 |    20 |     4 ||    27
Armor: Robe              |    13 |    15 |     2 ||    30
Dodge: Dodged            |    39 |    42 |    26 ||   107

Table legend:
 A = Non-vault XP
 B = Vault XP
 C = Vault XP percentage of total XP
 D = Non-vault monster count
 E = Vault monster count
 F = Vault count percentage of total count
                 A         B        C        D         E       F
            +---------+---------+-------+---------+---------+-------
      Total |     910 |     362 |  28.5 |     107 |      17 |  13.7
            +---------+---------+-------+---------+---------+-------
        D:1 |      45 |       0 |   0.0 |      27 |       0 |   0.0
        D:2 |     104 |       0 |   0.0 |      30 |       0 |   0.0
        D:3 |     216 |      89 |  29.2 |      20 |       5 |  20.0
        D:4 |     253 |     257 |  50.4 |      13 |       8 |  38.1
        D:5 |     292 |      16 |   5.2 |      17 |       4 |  19.0
            +---------+---------+-------+---------+---------+-------
